 Dungeon Crawl Stone Soup version 0.31-a0-810-ga77100ea1a (webtiles) character file.

Game seed: 14761968653632508127

1733 wildpjah the Covered (level 8, 0/71 HPs)
             Began as an Armataur Fighter on Sept 21, 2023.
             Succumbed to a killer bee's poison
             ... on level 7 of the Dungeon.
             The game lasted 00:08:56 (6021 turns).

wildpjah the Covered (Armataur Fighter)             Turns: 6021, Time: 00:08:57

Health: 0/71       AC:  9    Str: 24    XL:     8   Next: 76%
Magic:  8/8        EV:  8    Int:  9    God:
Gold:   454        SH:  4    Dex:  9    Spells: 7/7 levels left

rFire   . . .        t - +2 flail (protect)
rCold   . . .        c - +0 buckler
rNeg    . . .        b - +0 scale mail
rPois   .            (no helmet)
rElec   .            (no cloak)
rCorr   +            n - +0 pair of gloves
SInv    .            (no barding)
Will    .....        r - amulet of the acrobat Stlth
                     f - ring of resist corrosion
HPRegen 0.31/turn    (no ring)
MPRegen 0.11/turn

%: acrobat, roll
@: lethally poisoned (0 -> -7)
A: large, rugged brown scales 3, deformed body, armoured tail, roll, long
tongue, awkward tongue
a: no special abilities


You were on level 7 of the Dungeon.
You visited 1 branch of the dungeon, and saw 7 of its levels.

You collected 454 gold pieces.

Inventory:

Hand Weapons
 a - a +0 flail
 t - a +2 flail of protection (weapon)
Armour
 b - a +0 scale mail (worn)
 c - a +0 buckler (worn)
 n - a +0 pair of gloves (worn)
Jewellery
 f - a ring of resist corrosion (left hand)
 r - an amulet of the acrobat (around neck)
 u - a ring of wizardry
 z - a ring of protection from fire
Wands
 o - a wand of flame (12) (quivered)
 q - a wand of roots (13)
Scrolls
 e - 13 scrolls of identify {unknown}
 h - 4 scrolls of blinking
 s - a scroll of fog {unknown}
 v - a scroll of noise {unknown}
 w - a scroll of teleportation {unknown}
 x - a scroll of fear {unknown}
 y - a scroll of vulnerability {unknown}
Potions
 d - 6 potions of might
 g - 2 potions of lignification {unknown}
 i - a potion of magic {unknown}
 j - 2 potions of haste {unknown}
 k - 3 potions of curing {unknown}
 l - 2 potions of brilliance {unknown}
 m - 3 potions of heal wounds {unknown}
 p - a potion of attraction {unknown}


   Skills:
 + Level 4.9 Fighting
 + Level 6.5 Maces & Flails
 + Level 7.3 Armour
 + Level 3.0 Dodging
 + Level 0.8 Stealth
 + Level 4.9 Shields


You had 7 spell levels left.
You didn't know any spells.
Your spell library contained the following spells:

 Spells                   Type           Power      Damage    Failure   Level
 Blink                    Tloc           0%         N/A       85%         2
 Stone Arrow              Conj/Erth      0%         3d7       97%         3
 Animate Armour           Summ/Erth      0%         N/A       100%        4
 Manifold Assault         Tloc           0%         N/A       100%        4
 Lehudib's Crystal Spear  Conj/Erth      0%         10d2      100%        8


Dungeon Overview and Level Annotations

Branches:
Dungeon (7/15)
 Temple: D:4-7

Altars:
Elyvilon
Fedhas
Ru
Sif Muna
Trog
Uskayaw
Xom

Shops:
D:5 *

Portals:
Abyss: D:4

Annotations:
D:4 2 transporters, riellis1's ghost, amateur MiHu


Innate Abilities, Weirdness & Mutations

You are completely covered in rugged brown scales. (AC +3, +7% HP)
Armour fits poorly on your strangely shaped body.
You have a long armoured tail.
You roll when moving toward enemies. (Rampage)
Your long tongue fully drains potion bottles. (2x potion effects)
Your tongue gives you trouble enunciating. (1.5x scroll delay)


Message History

You feel sick.
The killer bee stings you but does no damage.
The killer bee barely misses you.
You feel sick. You block the killer bee's attack.
You feel sick.
The killer bee attacks as it pursues you!
You block the killer bee's attack. The killer bee completely misses you.
Aiming: Throw Flame
Press: ? - help, Q - select action, (/) - cycle Shift-Dir - straight line, f/p - killer bee
Aim: a killer bee (39% to hit)
The puff of flame hits the killer bee.
The killer bee is severely wounded.
You feel sick. The killer bee barely misses you.
The killer bee stings you but does no damage.
Aiming: Throw Flame
Press: ? - help, Q - select action, (/) - cycle Shift-Dir - straight line, f/p - killer bee
Aim: a killer bee (39% to hit)
The puff of flame hits the killer bee!
You kill the killer bee!
You feel sick. The killer bee stings you!
* * * LOW HITPOINT WARNING * * *
Your Dodging skill increases to level 3!
Aiming: Throw Flame
Press: ? - help, Q - select action, (/) - cycle Shift-Dir - straight line, f/p - killer bee
Aim: a killer bee (39% to hit)
The puff of flame hits the killer bee.
The killer bee is lightly wounded.
You feel sick.
You are no longer poisoned.
The killer bee stings you.
* * * LOW HITPOINT WARNING * * *
You are lethally poisoned!
The killer bee poisons you! The killer bee closely misses you.
Aiming: Throw Flame
Press: ? - help, Q - select action, (/) - cycle Shift-Dir - straight line, f/p - killer bee
Aim: a killer bee (39% to hit)
The puff of flame misses the killer bee. x2
The puff of flame hits the killer bee.
The killer bee is moderately wounded.
You die...

### ..# #.# #.# # ##
#.# .## . ..#
#####.####...# . #.#
#.....@yyyl# #.#.#
#.###.####...# #.#.#
#.# #.# ####
#.#.#######.###.##...#
...................#
#......†....#.####<..#
###.#########.# .## #
#..########.# # #
#...........#


You could see a wyvern and 3 killer bees.

Vanquished Creatures
  A steam dragon (D:7)
  A water moccasin (D:6)
  A black bear (D:6)
  An ice beast (D:5)
  An ogre (D:4)
  4 centaurs
  2 phantoms
  A gnoll sergeant (D:6)
  A scorpion (D:5)
  2 killer bees (D:7)
  5 hounds
  Jessica (D:3)
  2 iguanas
  3 orc wizards (D:6)
  Ijyb (D:3)
  2 adders
  9 gnolls
  A shadow imp (D:5)
  A worm (D:2)
  The ghost of cforsyth the Sneak, a weakling DjDe (D:5)
  3 dart slugs
  12 orcs
  9 endoplasms
  5 giant cockroaches
  6 goblins
  10 hobgoblins
  14 jackals
  5 kobolds
  A quokka (D:2)
  4 ball pythons
  2 bats (D:3)
  3 frilled lizards
  6 rats
121 creatures vanquished.

Notes
Turn   | Place    | Note
-------+----------+-------------------------------------------
     0 | D:1      | wildpjah the Armataur Fighter began the quest for the Orb.
     0 | D:1      | Reached XP level 1. HP: 19/19 MP: 1/1
   117 | D:1      | Reached XP level 2. HP: 26/26 MP: 2/2
   260 | D:1      | Reached skill level 4 in Armour
   496 | D:1      | Reached XP level 3. HP: 32/33 MP: 3/3
  2095 | D:3      | Noticed Jessica
  2107 | D:3      | Killed Jessica
  2108 | D:3      | Reached XP level 4. HP: 12/40 MP: 4/4
  2374 | D:3      | Reached skill level 5 in Armour
  2579 | D:3      | Noticed Ijyb
  2596 | D:3      | HP: 2/40 [Ijyb/+4 club (1)]
  2599 | D:3      | Killed Ijyb
  2600 | D:3      | Reached XP level 5. HP: 2/48 MP: 5/5
  2953 | D:3      | Found a sacrificial altar of Ru.
  3198 | D:4      | Noticed a centaur
  3207 | D:4      | Killed a centaur
  3208 | D:4      | Reached skill level 1 in Dodging
  3287 | D:4      | Reached XP level 6. HP: 32/54 MP: 6/6
  3610 | D:4      | Found a transporter.
  3620 | D:4      | Found a transporter.
  3625 | D:4      | Noticed a small abomination
  3633 | D:4      | Noticed riellis1's ghost (amateur MiHu)
  3774 | D:4      | Noticed an ancient zyme
  3776 | D:4      | Found a one-way gate to the infinite horrors of the Abyss.
  3901 | D:5      | Entered Level 5 of the Dungeon
  4144 | D:5      | Found a shimmering altar of Xom.
  4144 | D:5      | Found a shimmering altar of Xom.
  4144 | D:5      | Found a shimmering altar of Xom.
  4144 | D:5      | Found a shimmering altar of Xom.
  4145 | D:5      | Found a shimmering altar of Xom.
  4146 | D:5      | Found a shimmering altar of Xom.
  4147 | D:5      | Found a shimmering altar of Xom.
  4260 | D:5      | Found a blossoming altar of Fedhas.
  4278 | D:5      | Reached skill level 6 in Armour
  4278 | D:5      | Reached XP level 7. HP: 56/62 MP: 7/7
  4472 | D:5      | Reached skill level 5 in Maces & Flails
  4476 | D:5      | Found Tuehepou's Tempting Trifles.
  4569 | D:5      | Found a shimmering blue altar of Sif Muna.
  4849 | D:5      | Found a runed translucent door.
  4856 | D:5      | Noticed cforsyth's ghost (weakling DjDe)
  4937 | D:5      | Killed cforsyth's ghost
  5039 | D:6      | Reached XP level 8. HP: 70/70 MP: 8/8
  5159 | D:6      | Found a white marble altar of Elyvilon.
  5531 | D:6      | Reached skill level 7 in Armour
  5565 | D:6      | Found a hide-covered altar of Uskayaw.
  5594 | D:6      | Found a bloodstained altar of Trog.
  6020 | D:7      | HP: 2/71 [killer bee (3)]
  6021 | D:7      | Succumbed to a killer bee's poison

Illustrated notes

Levels and vault maps discovered:
D:1:      shiori_arrival_elements, layout_basic, minmay_domino_4
D:2:      layout_loops_corners, serial_rivers, chequers_serial_rivers_micro_b,
          chequers_serial_rivers_room_a, chequers_serial_rivers_small_b,
          chequers_serial_rivers_room_a, chequers_serial_rivers_room_a,
          chequers_serial_rivers_room_b, chequers_serial_rivers_large_b,
          minmay_misc_feat_columns, minmay_goblin_kobold_house
D:3:      layout_basic, mainiacjoe_overflow_alcove_4, uniq_ijyb, uniq_jessica
D:4:      layout_cave_pools, gammafunk_ghost_abyssal_escape
D:5:      layout_loops_corners, led_sif_pool, xom_redecorated,
          amcnicky_altar_gilded, ebering_ghost_reflecting_pool,
          nicolae_alphabet_shops
D:6:      layout_rooms, nicolae_overflow_crystal_walls, elyvilon_altar_5,
          lemuel_crystal_altar
D:7:      layout_loops_ring, temple_hall, gammafunk_ghost_icy

Skill      XL: |  1  2  3  4  5  6  7  8 |
---------------+-------------------------+-----
Fighting       | 3 4 |  4.9
Armour         | 4 5 6 7 |  7.3
Maces & Flails | 2 3 4 5 6 |  6.5
Dodging        | 1 2 3 |  3.0
Shields        | 4 |  4.9
Stealth        | |  0.8

Action                     |  1- 3 |  4- 6 |  7- 9 || total
---------------------------+-------+-------+-------++-------
  Melee: Flail             |   129 |   189 |   133 ||   451
         Tailslap          |    14 |    13 |    12 ||    39
  Evoke: Wand              |       |     1 |     5 ||     6
 Armour: Scale mail        |    98 |   246 |   160 ||   504
  Dodge: Dodged            |    32 |    92 |    82 ||   206
  Block: Buckler           |    19 |    56 |    35 ||   110

Table legend: (Time is in decaauts)
 A = Elapsed time spent in this place.
 B = Non-inter-level travel time spent in this place.
 C = Inter-level travel time spent in this place.
 D = Time resting spent in this place.
 E = Time spent auto-exploring this place.
 F = Levels seen in this place.
 G = Mean time per level.
                   A        B        C        D        E       F      G
               +--------+--------+--------+--------+--------+-----+--------+
         Total |   6131 |   6005 |    126 |    164 |   4891 |   7 |  875.9 |
       Dungeon |   6131 |   6005 |    126 |    164 |   4891 |   7 |  875.9 |
               +--------+--------+--------+--------+--------+-----+--------+

Top non-repeatable levels by time:
     D:2: 1124 daAuts
     D:5: 1099 daAuts
     D:1: 1002 daAuts
     D:3: 975 daAuts
     D:4: 885 daAuts
     D:6: 787 daAuts
     D:7: 256 daAuts
